 Dungeon Crawl Stone Soup version 0.29.0-4-gdea44cf6ec (webtiles) character file.

Game seed: 3958986548834227802

70 qw the Chopper (level 4, -1/26 HPs)
             Began as a Tengu Warper on Aug 28, 2022.
             Slain by a centaur (2 damage)
             ... on level 3 of the Dungeon.
             The game lasted 00:00:11 (2053 turns).

qw the Chopper (Tengu Warper)                       Turns: 2053, Time: 00:00:11

Health: -1/26      AC:  5    Str: 13    XL:     4   Next: 21%
Magic:  8/8        EV: 11    Int: 14    God:
Gold:   90         SH:  0    Dex: 13    Spells: 7/7 levels left

rFire   . . .      SeeInvis .   Y - +1 hand axe
rCold   . . .      Faith    .   (no shield)
rNeg    . . .      Spirit   .   f - +0 ring mail
rPois   .          Reflect  .   (helmet restricted)
rElec   .          Harm     .   (no cloak)
rCorr   .          Rampage  .   (no gloves)
Will    .....                   (boots unavailable)
Stlth   +.........              (no amulet)
HPRegen 0.08/turn               (no ring)
MPRegen 0.11/turn               (no ring)

@: no status effects
A: beak, talons 3
a: no special abilities


You were on level 3 of the Dungeon.
You visited 1 branch of the dungeon, and saw 3 of its levels.

You collected 90 gold pieces.


Innate Abilities, Weirdness & Mutations

You have a beak for a mouth.
You have claws for feet.


   Skills:
 - Level 2.0 Fighting
 + Level 4.8 Axes
 - Level 1.0 Throwing
 - Level 1.1 Armour
 - Level 2.1 Dodging
 - Level 2.0 Spellcasting
 - Level 2.4 Translocations


You had 7 spell levels left.
You didn't know any spells.
Your spell library contained the following spells:

 Spells                   Type           Power      Damage    Failure   Level
 Blink                    Tloc           16%        N/A       28%         2
 Gell's Gravitas          Tloc           8%         N/A       50%         3
 Lesser Beckoning         Tloc           8%         N/A       50%         3
 Teleport Other           Tloc           8%         N/A       50%         3
 Manifold Assault         Tloc           8%         N/A       99%         5

Inventory:

Hand Weapons
 d - a +0 whip
 Y - a +1 hand axe (weapon)
Armour
 f - a +0 ring mail (worn)
Scrolls
 a - a scroll of identify
Potions
 e - 3 potions of curing

Dungeon Overview and Level Annotations

Branches:
Dungeon (3/15)

Altars:
Ashenzari

Annotations:
D:2 1 runed translucent door, Crazy Yiuf


Message History

You kill the kobold!
Things that are here:
a +0 short sword; a kobold corpse A ball python comes into view.
The ball python hisses angrily.
You barely miss the ball python. The ball python closely misses you.
The ball python grabs you. The ball python constricts you.
You hit the ball python. Your kick misses the ball python.
The ball python is heavily wounded.
The ball python closely misses you. The ball python constricts you.
The ball python bites you but does no damage.
The ball python constricts you.
You barely miss the ball python. You claw the ball python.
You kill the ball python!
Things that are here:
a +0 short sword; a kobold corpse A rat comes into view.
Enter note: You hit the rat.
You kill the rat!
A centaur comes into view.
The centaur shouts!
You hear a shout!
An orc comes into view. It is wielding a +0 short sword.
You see here a scroll labelled EWKU ORROPIUXA.
Enter note: The centaur wields a +0 shortbow.
The centaur shoots an arrow.
The arrow hits you!
You hear a shout! x3
You hear a shout!
The centaur shoots an arrow.
The arrow hits you.
An orc priest comes into view. It is wielding a +0 hand axe.
An orc comes into view. It is wielding a +0 morningstar.
The centaur shoots an arrow.
The arrow hits you!
You hear a shout! 2 orcs come into view.
The orc shouts! x2
The centaur unwields a +0 shortbow.
The centaur closely misses you. The centaur kicks you.
You die...

#.#..........# #.
###.#......#.#^# #.
..........##.#.# #.
#..........#.# #.
#####.......##.#.######.
.......?.#..##..........
###...#..#..##.#.######.
#.# #..#..##.#.# #. #.
#@.#.....#.# #.
#..c....##.#.# ##
o....o##.###.#.# #
....o............# #
...o..... ###.### #
######..## # #..# # #.o#
# ####


You could see a centaur, an orc priest and 4 orcs.

Vanquished Creatures
  3 adders (D:2)
  2 worms (D:2)
  5 ball pythons
  4 bats
  3 endoplasms (D:2)
  2 giant cockroaches
  3 goblins
  4 hobgoblins
  2 quokkas
  6 kobolds
  2 rats
36 creatures vanquished.

Notes
Turn   | Place    | Note
-------+----------+-------------------------------------------
     0 | D:1      | qw the Tengu Warper began the quest for the Orb.
     0 | D:1      | Reached XP level 1. HP: 12/12 MP: 4/4
     0 | D:1      | 0 ||| qw: Version: 0.1-a-89-g26bdef1
     0 | D:1      | 0 ||| qw: Game counter: 779
     0 | D:1      | 0 ||| qw: Always use a shield: true
     0 | D:1      | 0 ||| qw: God list: Okawaru
     0 | D:1      | 0 ||| qw: Allow faded altars: false
     0 | D:1      | 0 ||| qw: Do Orc after D:15 true
     0 | D:1      | 0 ||| qw: Do second Lair branch before Depths: true
     0 | D:1      | 0 ||| qw: Lair rune preference: random
     0 | D:1      | 0 ||| qw: Plans: Normal
     0 | D:1      | 0 ||| PLANNING D:1-11
   269 | D:1      | Reached XP level 2. HP: 17/17 MP: 6/6
   287 | D:1      | Reached skill level 3 in Axes
   349 | D:1      | 349 ||| DROPPING +0 club.
   595 | D:1      | 595 ||| UPGRADING to +0 ring mail.
   605 | D:1      | 605 ||| DROPPING +0 leather armour.
   606 | D:1      | 606 ||| READING 2 scrolls labelled PEEBEO UKIL.
   607 | D:1      | 607 ||| READING scroll labelled IMONA QUAJAG.
   608 | D:1      | 608 ||| DRINKING 4 orange potions.
   609 | D:1      | 609 ||| DROPPING scroll of blinking.
   632 | D:2      | 632 ||| Stepping ~*~*~tactically~*~*~ (stealth).
   634 | D:2      | 634 ||| Stepping ~*~*~tactically~*~*~ (stealth).
   635 | D:2      | 635 ||| Stepping ~*~*~tactically~*~*~ (stealth).
   662 | D:2      | Reached XP level 3. HP: 21/21 MP: 7/7
   664 | D:2      | 664 ||| Stepping ~*~*~tactically~*~*~ (stealth).
   680 | D:2      | Reached skill level 4 in Axes
   683 | D:2      | HP: 5/21 [poisoned by an adder]
   686 | D:2      | HP: 2/21 [poisoned by an adder]
   693 | D:2      | 693 ||| FLEEEEING.
   694 | D:2      | 694 ||| FLEEEEING.
   695 | D:2      | 695 ||| FLEEEEING.
   696 | D:2      | 696 ||| FLEEEEING.
   697 | D:2      | 697 ||| FLEEEEING.
   699 | D:2      | 699 ||| STAIRDANCE
  1020 | D:2      | 1020 ||| FLEEEEING.
  1021 | D:2      | 1021 ||| FLEEEEING.
  1069 | D:2      | 1069 ||| FLEEEEING.
  1070 | D:2      | 1070 ||| STAIRDANCE
  1175 | D:2      | Found a faded altar of an unknown god.
  1188 | D:2      | Reached XP level 4. HP: 17/26 MP: 8/8
  1320 | D:2      | Found a broken altar of Ashenzari.
  1754 | D:2      | Found a runed translucent door.
  1755 | D:2      | Noticed Crazy Yiuf
  1921 | D:2      | 1921 ||| READING scroll labelled ADO PIRAMNIM.
  1922 | D:2      | 1922 ||| READING scroll labelled GUJYKH NARUMNA.
  1923 | D:2      | 1923 ||| READING 2 scrolls of identify.
  1923 | D:2      | 1923 ||| IDENTIFYING grey potion
  1924 | D:2      | 1924 ||| DROPPING potion of brilliance.
  2050 | D:3      | Noticed a centaur
  2052 | D:3      | HP: 1/26 [centaur/arrow (10)]
  2053 | D:3      | Slain by a centaur

Levels and vault maps discovered:
D:1:      nzn_arrival_water_spiral, layout_basic, serial_bayou_crossing
D:2:      layout_basic, basic_altar, hellmonk_ecumenical_altar_arch_garden,
          chequers_serial_rivers_small_3, uniq_crazy_yiuf_cottage
D:3:      layout_basic, nicolae_dithmenos_the_darkroom, feat_on_display,
          uniq_jessica, uniq_natasha

Skill      XL: |  1  2  3 |
---------------+----------+-----
Axes           | 3 4 |  4.8
Fighting       | |  2.0
Throwing       | |  1.0
Armour         | |  1.1
Dodging        | |  2.1
Spellcasting   | |  2.0
Translocations | |  2.4

Action                   |  1- 3 |  4- 6 || total
-------------------------+-------+-------++-------
Melee: Hand axe          |    53 |    26 ||    79
       Kick              |    12 |     6 ||    18
       Peck              |     7 |     1 ||     8
       Punch             |     1 |       ||     1
Throw: Boomerang         |     7 |       ||     7
  Use: Scroll            |     2 |     3 ||     5
       Potion            |     1 |       ||     1
Armor: Leather armour    |     3 |       ||     3
       Ring mail         |     9 |     7 ||    16
Dodge: Dodged            |    30 |    15 ||    45

Table legend:
 A = Non-vault XP
 B = Vault XP
 C = Vault XP percentage of total XP
 D = Non-vault monster count
 E = Vault monster count
 F = Vault count percentage of total count
                 A         B        C        D         E       F
            +---------+---------+-------+---------+---------+-------
      Total |     100 |       0 |   0.0 |      36 |       0 |   0.0
            +---------+---------+-------+---------+---------+-------
        D:1 |      18 |       0 |   0.0 |      10 |       0 |   0.0
        D:2 |      78 |       0 |   0.0 |      23 |       0 |   0.0
        D:3 |       4 |       0 |   0.0 |       3 |       0 |   0.0
            +---------+---------+-------+---------+---------+-------
